 Dungeon Crawl Stone Soup version 0.22-a0-388-g09e6169 (webtiles) character file.

62262 Kairos the Blocker (level 15, -3/79 HPs)
             Began as a Vine Stalker Fighter on Apr 28, 2018.
             Was the Champion of Okawaru.
             Killed from afar by a shock serpent (14 damage)
             ... with a bolt of electricity
             ... on level 1 of the Snake Pit on Apr 29, 2018.
             The game lasted 00:53:07 (17062 turns).

Kairos the Blocker (Vine Stalker Fighter)          Turns: 17062, Time: 00:53:08

Health: -3/79      AC: 21    Str: 23    XL:     15   Next: 5%
Magic:  0/18       EV: 14    Int:  8    God:    Okawaru [******]
Gold:   995        SH: 27    Dex: 16    Spells: 14/14 levels left

rFire    x . .     SeeInvis .   J - +3 broad axe
rCold    + . .     Gourm    .   g - +8 large shield of Paranoia {rN+}
rNeg     + + .     Faith    .   B - +4 scale mail {MR+}
rPois    .         Spirit   +   Y - +3 hat "Iwuyrutata" {+Inv rN+}
rElec    .         Reflect  .   L - +1 cloak
rCorr    .         Harm     .   (no gloves)
MR       ++...                  o - +2 pair of boots {run}
Stlth    ++........             Z - amulet of the acrobat
HPRegen  1.03/turn              K - ring of ice
MPRegen  0.16/turn              Q - +2 ring of evasion

@: quick
A: fangs 3, regeneration 2, magic shield, antimagic bite, no potion heal 3, rot
immunity
a: Heroism, Finesse, Renounce Religion, Evoke Invisibility


You were on level 1 of the Snake Pit.
You worshipped Okawaru.
Okawaru was exalted by your worship.
You were not hungry.

You visited 3 branches of the dungeon, and saw 16 of its levels.
You also visited: Labyrinth and Ice Cave.

You collected 1121 gold pieces.
You spent 126 gold pieces at shops.

Inventory:

Hand Weapons
 t - a +0 antimagic spear
 v - a +1 whip of draining
 J - a +3 broad axe (weapon)
Missiles
 m - 20 poisoned javelins (quivered)
 G - 5 exploding tomahawks
Armour
 g - the +8 large shield of Paranoia (worn) {rN+}
   (Okawaru gifted it to you on level 5 of the Lair of Beasts)

   It protects you from negative energy.
 o - a +2 pair of boots of running (worn)
 B - a +4 scale mail of magic resistance (worn)
 L - a +1 cloak (worn)
 O - +0 acid dragon scales
 S - a +0 pair of boots of stealth
 Y - the +3 hat "Iwuyrutata" (worn) {+Inv rN+}
   (Okawaru gifted it to you on level 3 of the Lair of Beasts)

   It protects you from negative energy.
   It lets you turn invisible.
Jewellery
 c - a +4 ring of evasion
 l - an uncursed ring of protection from fire
 n - an uncursed ring of wizardry
 K - a ring of ice (left hand)
 Q - a +2 ring of evasion (right hand)
 T - an uncursed ring of magical power
 Z - an amulet of the acrobat (around neck)
Wands
 a - a wand of paralysis (47)
 x - a wand of flame (62)
 y - a wand of acid (4)
 z - a wand of scattershot (7)
 C - a wand of iceblast (21)
 D - a wand of polymorph (39)
Scrolls
 d - a scroll of magic mapping
 e - 5 scrolls of remove curse
 h - 4 scrolls of fear
 i - 2 scrolls of immolation
 q - 11 scrolls of teleportation
 s - 4 scrolls of amnesia
 I - a scroll of blinking
 U - 4 scrolls of fog
Potions
 b - 2 potions of magic
 j - 7 potions of lignification
 k - 2 potions of agility
 r - 5 potions of haste
 u - 10 potions of curing
 w - a potion of mutation {unknown}
 A - 3 potions of resistance
 E - a potion of cancellation
 F - 4 potions of flight {unknown}
 H - 2 potions of berserk rage
 M - a potion of brilliance {unknown}
 N - a potion of might
 P - 3 potions of degeneration {unknown}
 R - 2 potions of ambrosia {unknown}
Miscellaneous
 V - 2 phantom mirrors
Comestibles
 f - 30 rations


   Skills:
 + Level 9.3 Fighting
 + Level 8.8(11.1) Axes
 + Level 10.9(12.0) Maces & Flails
 + Level 8.7 Armour
 + Level 6.7 Dodging
 + Level 5.1 Stealth
 + Level 12.6 Shields
 + Level 1.9 Invocations
 + Level 3.1 Evocations


You had 14 spell levels left.
You didn't know any spells.

Dungeon Overview and Level Annotations

Branches:
Dungeon (9/15)             Temple (0/1) D:6            Lair (6/6) D:9
 Shoals (0/4) Lair:4        Snake (1/4) Lair:4        Slime (0/5) Lair:6
    Orc (0/2) D:9

Altars:
Cheibriados
Fedhas
Gozag
Kikubaaqudgha
Okawaru
Qazlal
Sif Muna
Wu Jian
Yredelemnul
Zin
The Shining One
Jiyva

Shops:
D:4 [

Annotations:
D:4 2 transporters


Innate Abilities, Weirdness & Mutations

You have razor-sharp teeth.
You heal very quickly.
When hurt, damage is shared between your health and your magic reserves.
Your bite disrupts and absorbs the magic of your enemies.
Potions cannot restore your health.
You are immune to rotting.


Message History

The shock serpent is almost dead.
The shock serpent's electric aura discharges, shocking you!
You block the shock serpent's attack. x2
You closely miss the shock serpent.
The shock serpent is almost dead.
The shock serpent shoots out a bolt of lightning at you!
The bolt of electricity misses you.
The shock serpent shoots out a bolt of lightning at you!
The bolt of electricity hits you!
* * * LOW HITPOINT WARNING * * *
You miss the shock serpent. Your bite misses the shock serpent.
The shock serpent is almost dead.
The shock serpent bites you but does no damage.
You block the shock serpent's attack.
Your shield prevents you from hitting the shock serpent.
Your bite misses the shock serpent.
The shock serpent is almost dead.
The shock serpent shoots out a bolt of lightning at you!
The bolt of electricity hits you!
You die...

#..##...##..
#.
#.###...##..
#####.
#'###...##..
#.....
#...'...##..
#.....
#..##...##..
#....#
#.##########
#....#####'#
###
#..........#
#..
#..S@......#
#..
#####...!..#
#.. ##..%.?#
### #.....#
#.....#
#%....#
#.....#
#.....#


You could see a shock serpent.

Vanquished Creatures
  Agnes (Lair:4)
  A minotaur (Lab)
  7 hydras
  A naga warrior (Lair:4)
  An anaconda (Snake:1)
  9 death yaks
  Nergalle (Lair:2)
  The ghost of Graouh the Basher, a novice MiFi of Okawaru (D:7)
  A necromancer (IceCv)
  3 oklob plants
  5 black mambas
  The ghost of Doomer the Chopper, a novice DDBe of Trog (D:5)
  A merfolk siren (Lair:4)
  2 ice statues (IceCv)
  2 naga magi (Snake:1)
  24 spiny frogs
  A torpor snail (Lair:3)
  5 rime drakes
  6 komodo dragons
  A troll (D:9)
  6 ice devils (IceCv)
  A hornet (D:7)
  A polar bear (Lair:1)
  4 tyrant leeches (Lair:6)
  15 hippogriffs
  26 blink frogs
  59 yaks
  8 wyverns
  A human (D:7)
  4 basilisks (Lair:5)
  3 hogs (D:7)
  2 hungry ghosts (D:7)
  6 vampire mosquitoes
  4 nagas (Snake:1)
  9 water moccasins
  The ghost of Kairos the Chopper, an amateur VSFi (D:4)
  9 porcupines
  2 orc warriors (D:9)
  2 ice beasts
  2 phantoms
  2 sky beasts
  3 black bears
  4 necrophages (D:7)
  8 ogres
  An eye of draining (D:9)
  4 wolves (Lair:4)
  4 centaurs
  9 crocodiles
  Blork the orc (D:5)
  22 bullfrogs
  5 scorpions
  4 killer bees (D:4)
  A howler monkey (D:6)
  3 electric eels
  5 crimson imps
  A quasit (D:9)
  3 draconian simulacra (IceCv)
  4 jellies (D:8)
  2 orc priests (D:8)
  2 hounds
  Ijyb (D:4)
  4 iguanas
  4 orc wizards
  6 worker ants
  A spriggan simulacrum (IceCv)
  2 troll simulacra (IceCv)
  4 centaur simulacra (IceCv)
  A hound skeleton (D:9)
  2 worker ant zombies (D:7)
  Robin (D:3)
  A howler monkey skeleton (D:5)
  5 gnolls (D:6)
  8 adders
  A shadow imp (D:8)
  An ooze (D:6)
  An adder zombie (D:7)
  4 adder skeletons
  2 worms (D:2)
  2 dart slugs (D:1)
  4 leopard geckos
  29 orcs
  6 bats
  7 giant cockroaches
  21 goblins
  17 hobgoblins
  8 jackals
  14 kobolds
  2 quokkas
  3 frilled lizards (D:2)
  5 rats (D:2)
  A bush (D:7)
  A fungus (Lair:4)
496 creatures vanquished.

Vanquished Creatures (collateral kills)
  A hydra (Lair:5)
  A rime drake (Lair:5)
  2 hippogriffs (Lair:5)
  A wyvern (Lair:5)
  A hell hound (Lair:5)
6 creatures vanquished.

Vanquished Creatures (others)
  2 bushes (D:7)
  16 fungi
  49 plants
67 creatures vanquished.

Grand Total: 569 creatures vanquished

Notes
Turn   | Place    | Note
-------+----------+-------------------------------------------
     0 | D:1      | Kairos the Vine Stalker Fighter began the quest for the Orb.
     0 | D:1      | Reached XP level 1. HP: 11/11 MP: 2/2
   163 | D:1      | Reached XP level 2. HP: 13/16 MP: 1/3
   197 | D:1      | Reached skill level 3 in Shields
   502 | D:1      | Reached XP level 3. HP: 19/19 MP: 4/4
   883 | D:2      | Found a stormy altar of Qazlal.
   883 | D:2      | Found an ancient bone altar of Kikubaaqudgha.
   895 | D:2      | Found a glowing silver altar of Zin.
   897 | D:2      | Found an iron altar of Okawaru.
   900 | D:2      | Found an opulent altar of Gozag.
   904 | D:2      | Became a worshipper of Warmaster Okawaru
   954 | D:2      | Noticed a bullfrog
   965 | D:2      | Killed a bullfrog
   965 | D:2      | Gained mutation: Your natural rate of healing is unusually fast. [Vine Stalker growth]
   965 | D:2      | Reached XP level 4. HP: 2/24 MP: 1/5
   965 | D:2      | Reached XP level 5. HP: 2/28 MP: 1/6
  1070 | D:2      | Identified a +1 pair of boots of running (You found it on level 2 of the Dungeon)
  1803 | D:3      | Noticed Robin
  1838 | D:3      | Killed Robin
  2008 | D:3      | Found an ornate altar of the Wu Jian Council.
  2152 | D:3      | Reached skill level 1 in Dodging
  2770 | D:4      | Noticed Ijyb
  2782 | D:4      | Killed Ijyb
  2782 | D:4      | Reached skill level 1 in Maces & Flails
  2782 | D:4      | Reached XP level 6. HP: 27/32 MP: 7/7
  2802 | D:4      | Found a transporter.
  2811 | D:4      | Found a transporter.
  2885 | D:4      | Noticed a phantom
  2904 | D:4      | Noticed Kairos's ghost (amateur VSFi)
  2908 | D:4      | Killed a phantom
  3014 | D:4      | Killed Kairos's ghost
  3014 | D:4      | Reached * piety under Okawaru
  3014 | D:4      | Reached skill level 4 in Shields
  3014 | D:4      | Reached XP level 7. HP: 11/36 MP: 3/8
  3485 | D:4      | Reached ** piety under Okawaru
  3583 | D:4      | Found Zemanyed's Antique Armour Shoppe.
  3874 | D:4      | Bought a glowing scale mail for 126 gold pieces
  3887 | D:5      | Entered Level 5 of the Dungeon
  4013 | D:5      | Noticed Doomer's ghost (novice DDBe)
  4199 | D:5      | Reached skill level 1 in Evocations
  4199 | D:5      | Gained mutation: You have razor-sharp teeth. [Vine Stalker growth]
  4199 | D:5      | Reached XP level 8. HP: 40/40 MP: 9/9
  4258 | D:5      | Noticed a hippogriff
  4267 | D:5      | Killed a hippogriff
  4267 | D:5      | Reached skill level 5 in Shields
  4360 | D:5      | Noticed Blork the orc
  4368 | D:5      | Killed Blork the orc
  4370 | D:5      | Found a deep blue altar of Sif Muna.
  4511 | D:5      | Killed Doomer's ghost
  4511 | D:5      | Reached *** piety under Okawaru
  4511 | D:5      | Reached skill level 5 in Armour
  4538 | D:5      | Found a snail-covered altar of Cheibriados.
  5012 | D:6      | Reached XP level 9. HP: 43/45 MP: 11/11
  5192 | D:6      | Found a staircase to the Ecumenical Temple.
  5520 | D:6      | Reached **** piety under Okawaru
  5639 | D:6      | Found a basalt altar of Yredelemnul.
  5648 | D:6      | Found a glowing golden altar of the Shining One.
  5792 | D:7      | Reached skill level 6 in Shields
  5800 | D:7      | Reached skill level 1 in Stealth
  5960 | D:7      | Noticed Graouh's ghost (novice MiFi)
  6011 | D:7      | Killed Graouh's ghost
  6011 | D:7      | Reached skill level 5 in Maces & Flails
  6306 | D:7      | Found a blossoming altar of Fedhas.
  6342 | D:7      | Reached ***** piety under Okawaru
  6342 | D:7      | Reached XP level 10. HP: 47/51 MP: 11/13
  6375 | D:7      | Reached skill level 7 in Shields
  6574 | D:7      | Reached skill level 5 in Fighting
  6782 | D:8      | Found a viscous altar of Jiyva.
  7971 | D:9      | Reached XP level 11. HP: 52/56 MP: 14/14
  8216 | D:9      | Found a staircase to the Orcish Mines.
  8225 | D:9      | Reached skill level 8 in Shields
  8407 | D:9      | Received a gift from Okawaru
  8508 | D:9      | Found a staircase to the Lair.
  8788 | Lair:1   | Entered Level 1 of the Lair of Beasts
  9214 | Lair:1   | Noticed a seven-headed hydra
  9214 | Lair:1   | Noticed a six-headed hydra
  9273 | Lair:1   | Killed a seven-headed hydra
  9274 | Lair:1   | Killed a six-headed hydra
 10435 | Lair:1   | Reached ****** piety under Okawaru
 10435 | Lair:1   | Gained mutation: You heal very quickly. [Vine Stalker growth]
 10435 | Lair:1   | Reached XP level 12. HP: 39/62 MP: 15/15
 10444 | Lair:1   | Received a gift from Okawaru
 10556 | Lair:2   | Reached skill level 9 in Shields
 10577 | Lair:2   | Reached skill level 1 in Invocations
 10821 | Lair:2   | Noticed Nergalle
 10853 | Lair:2   | Killed Nergalle
 11224 | Lair:3   | Reached skill level 5 in Dodging
 11343 | Lair:3   | Noticed a death yak
 11344 | Lair:3   | Noticed a death yak
 11345 | Lair:3   | Noticed a death yak
 11345 | Lair:3   | Noticed a death yak
 11376 | Lair:3   | Killed a death yak
 11376 | Lair:3   | Received a gift from Okawaru
 11410 | Lair:3   | Killed a death yak
 11425 | Lair:3   | Killed a death yak
 11445 | Lair:3   | Killed a death yak
 11447 | Lair:3   | Got a crude hat {god gift}
 11458 | Lair:3   | Identified the +3 hat "Iwuyrutata" {+Inv rN+} (Okawaru gifted it to you on level 3 of the Lair of Beasts)
 11532 | Lair:3   | Reached skill level 10 in Shields
 11604 | Lair:3   | Reached skill level 10 in Maces & Flails
 12132 | Lair:4   | Found a labyrinth entrance.
 12141 | Lab      | Entered a labyrinth
 12356 | Lab      | Noticed a minotaur
 12380 | Lab      | Killed a minotaur
 12380 | Lab      | Reached XP level 13. HP: 58/68 MP: 16/16
 12693 | Lair:4   | Received a gift from Okawaru
 12822 | Lair:4   | Reached skill level 5 in Axes
 12984 | Lair:4   | Found a staircase to the Snake Pit.
 13169 | Lair:4   | Found a staircase to the Shoals.
 13404 | Lair:5   | Found a frozen archway.
 13435 | IceCv    | Entered an ice cave
 13643 | IceCv    | Received a gift from Okawaru
 14342 | Lair:5   | Received a gift from Okawaru
 14345 | Lair:5   | Got a smoking large shield {god gift}
 14356 | Lair:5   | Identified the +8 large shield of Paranoia {rN+} (Okawaru gifted it to you on level 5 of the Lair of Beasts)
 14526 | Lair:5   | Reached XP level 14. HP: 74/74 MP: 17/17
 14537 | Lair:5   | Reached skill level 11 in Shields
 14826 | Lair:6   | Entered Level 6 of the Lair of Beasts
 15239 | Lair:6   | Received a gift from Okawaru
 15348 | Lair:6   | Reached skill level 12 in Shields
 15707 | Lair:6   | Received a gift from Okawaru
 15755 | Lair:6   | Reached skill level 5 in Stealth
 15937 | Lair:6   | Found a staircase to the Slime Pits.
 16494 | Lair:2   | Upgraded the game from 0.22-a0-379-ga9d99d6 to 0.22-a0-388-g09e6169
 16578 | Snake:1  | Entered Level 1 of the Snake Pit
 16593 | Snake:1  | Noticed Agnes
 16778 | Lair:4   | Killed Agnes
 16879 | Snake:1  | Reached XP level 15. HP: 75/79 MP: 18/18
 17062 | Snake:1  | Killed from afar by a shock serpent

Vault maps used:
D:1:      dpeg_arrival_connections
D:2:      chequers_temple_overflow_minitemple
D:3:      nicolae_overflow_crystal_walls, first_ration, uniq_robin
D:4:      gammafunk_wand_slinger, serial_shops, nicolae_shop_behind_doors,
          uniq_ijyb
D:5:      kennysheep_mini_moat, tgw_sif
D:6:      corexii_shantytown, grunt_temple_overflow_holy_war, temple_hall
D:7:      grunt_livestock, fedhas_altar_decomposition
D:8:      minmay_misc_feat_doors, jiyva_altar_1
D:9:      grunt_lair_entry_orc_guard_hut, orc_0_dummy
Lair:2:   uniq_nergalle
Lair:3:   grunt_megastairs_5
Lair:4:   minmay_shoals_entry_lonely_mermaid, dummy_snake_entry,
          lab_entry_generic, st_stairs_3, serial_bayou_shore_b,
          serial_bayou_shore_b
Lair:5:   portal_ice_cave_entry_pillars_1, special_room, serial_bayou_shore_a
Lair:6:   minmay_lair_end_frog_pond, minmay_slime_entry_oklob_enclosed
Snake:1:  dpeg_stationary_puzzle, uniq_agnes
Lab:      labyrinth_mini_lab
IceCv:    ice_cave_tombish

Skill      XL: |  1  2  3  4  5  6  7  8  9 10 11 12 13 14 |
---------------+-------------------------------------------+-----
Shields        | 3 4 5 6 7 8 10 12 | 12.6
Axes           | 2 3 7 8 |  8.8
Fighting       | 3 4 5 6 7 8 9 |  9.3
Armour         | 3 4 5 6 7 8 |  8.7
Dodging        | 1 2 3 4 5 6 |  6.7
Maces & Flails | 1 2 3 5 7 8 10 | 10.9
Evocations     | 1 2 3 |  3.1
Stealth        | 1 2 4 5 |  5.1
Invocations    | 1 |  1.9

Action                   |  1- 3 |  4- 6 |  7- 9 | 10-12 | 13-15 || total
-------------------------+-------+-------+-------+-------+-------++-------
Melee: War axe           |    82 |    97 |       |       |       ||   179
       Bite              |    19 |    44 |   115 |   467 |   429 ||  1074
       Whip              |       |    62 |   377 |  1071 |   663 ||  2173
       Spear             |       |       |       |     5 |       ||     5
       Broad axe         |       |       |       |       |   439 ||   439
Invok: Heroism           |       |       |       |     6 |    18 ||    24
       Finesse           |       |       |       |       |     1 ||     1
 Abil: Evoke Invisibilit |       |       |       |     1 |     5 ||     6
Evoke: Wand              |       |     1 |    20 |       |       ||    21
  Use: Potion            |     1 |       |       |     1 |       ||     2
       Scroll            |       |       |     1 |    14 |    20 ||    35
 Stab: Invisible         |       |       |       |     6 |    13 ||    19
       Sleeping          |       |       |       |       |     2 ||     2
  Eat: Chunk             |       |     6 |     8 |    19 |     7 ||    40
       Ration            |       |       |     2 |     1 |     3 ||     6
Armor: Scale mail        |    50 |    68 |   117 |   242 |   228 ||   705
       Acid dragon scale |       |       |       |       |     1 ||     1
Dodge: Dodged            |    39 |    51 |    78 |   330 |   365 ||   863
Block: Shield            |    51 |    78 |   149 |   442 |   221 ||   941
       Large shield      |       |       |       |       |   936 ||   936

Table legend:
 A = Spawn XP
 B = Non-spawn XP
 C = Spawn XP percentage of total XP
 D = Spawn monster count
 E = Non-spawn monster count
 F = Spawn count percentage of total count
 G = Total turns spent on level
                    A         B        C        D         E        F      G
               +---------+---------+-------+---------+---------+-------+---------
         Total |       0 |   88947 |   0.0 |       0 |     500 |   0.0 | 17062
               +---------+---------+-------+---------+---------+-------+---------
           D:1 |       0 |      49 |   0.0 |       0 |      23 |   0.0 |   867
           D:2 |       0 |     156 |   0.0 |       0 |      25 |   0.0 |   889
           D:3 |       0 |      83 |   0.0 |       0 |      19 |   0.0 |  1026
           D:4 |       0 |     767 |   0.0 |       0 |      11 |   0.0 |  1148
           D:5 |       0 |    1203 |   0.0 |       0 |      19 |   0.0 |   937
           D:6 |       0 |     700 |   0.0 |       0 |      48 |   0.0 |   833
           D:7 |       0 |    3640 |   0.0 |       0 |      25 |   0.0 |   947
           D:8 |       0 |    1231 |   0.0 |       0 |      31 |   0.0 |  1139
           D:9 |       0 |    3360 |   0.0 |       0 |      35 |   0.0 |  1002
        Lair:1 |       0 |    6318 |   0.0 |       0 |      22 |   0.0 |  1393
        Lair:2 |       0 |    5862 |   0.0 |       0 |      26 |   0.0 |  1068
        Lair:3 |       0 |    8034 |   0.0 |       0 |      26 |   0.0 |   949
        Lair:4 |       0 |    9115 |   0.0 |       0 |      28 |   0.0 |  1291
        Lair:5 |       0 |   19057 |   0.0 |       0 |      60 |   0.0 |  1103
        Lair:6 |       0 |   20855 |   0.0 |       0 |      73 |   0.0 |  1454
       Snake:1 |       0 |    3445 |   0.0 |       0 |       9 |   0.0 |   267
           Lab |       0 |    1192 |   0.0 |       0 |       1 |   0.0 |   307
         IceCv |       0 |    3880 |   0.0 |       0 |      19 |   0.0 |   442
               +---------+---------+-------+---------+---------+-------+---------
